 Dungeon Crawl Stone Soup version 0.19.5 (webtiles) character file.

37 galech the Skirmisher (level 3, -8/44 HPs)
             Began as an Ogre Fighter on Mar 2, 2017.
             Was an Initiate of Makhleb.
             Mangled by a worm (9 damage)
             ... on level 2 of the Dungeon.
             The game lasted 00:01:53 (1245 turns).

galech the Skirmisher (Ogre Fighter)                Turns: 1245, Time: 00:01:54

Health: -8/44      AC:  3    Str: 22    XL:     3   Next: 39%
Magic:  3/3        EV: 14    Int:  7    God:    Makhleb [......]
Gold:   68         SH:  9    Dex: 14    Spells: 0 memorised, 2 levels left

rFire  + . .     SeeInvis .     a - +0 flail
rCold  x . .     Gourm    .     b - +0 robe
rNeg   . . .     Faith    .     c - +0 shield
rPois  .         Spirit   .     (helmet restricted)
rElec  .         Reflect  .     (no cloak)
rCorr  .         Harm     .     (gloves unavailable)
MR     .....     Clarity  +     (boots unavailable)
Stlth  ++........               (no amulet)
                                (no ring)
                                s - ring of fire

@: agile, lethally poisoned (-8 -> -8)
A: unfitting armour, clarity, robust 1, tough skin 1
a: Renounce Religion


You were on level 2 of the Dungeon.
You worshipped Makhleb.
Makhleb was noncommittal.
You were not hungry.

You visited 1 branch of the dungeon, and saw 2 of its levels.

You collected 68 gold pieces.

Inventory:

Hand Weapons
 a - a +0 flail (weapon)
Armour
 b - a +0 robe (worn)
 c - a +0 shield (worn)
Jewellery
 s - a ring of fire (left hand)
Scrolls
 e - a scroll of enchant weapon {unknown}
 i - a scroll of random uselessness {unknown}
 j - a scroll of immolation {unknown}
 l - a scroll of identify {unknown}
 o - a scroll of remove curse {unknown}
 r - a scroll of teleportation {unknown}
Potions
 d - a potion of might
 g - a potion of flight {unknown}
 h - 2 potions of degeneration {unknown}
 k - a potion of curing {unknown}
 m - a potion of mutation
 n - a potion of agility
 p - a potion of resistance {unknown}
Comestibles
 f - a bread ration


   Skills:
 + Level 4.3 Fighting
 + Level 3.2 Maces & Flails
 + Level 3.1 Dodging
 + Level 3.1 Shields


You had 2 spell levels left.
You didn't know any spells.

Dungeon Overview and Level Annotations

Branches:
Dungeon (2/15)

Altars:
Makhleb


Innate Abilities, Weirdness & Mutations

You are too large for most types of armour.
You have tough skin. (AC +1)
You possess an exceptional clarity of mind.
You are robust. (+10% HP)


Message History

You hit the worm.
The worm is heavily wounded.
You hit the worm.
The worm is severely wounded.
You feel sick. The worm barely misses you.
You barely miss the worm.
The worm is severely wounded.
The worm barely misses you.
You hit the worm.
The worm is almost dead.
The worm bites you.
* * * LOW HITPOINT WARNING * * *
It was a potion of mutation.
You feel extremely strange.
You feel robust.
Your thoughts seem clearer.
* * * LOW HITPOINT WARNING * * *
You feel sick.
It was a potion of agility.
You feel agile all of a sudden. The worm bites you!
You die...

.......... #...........
.......####+###.....##.........##
.......#............##.........##
.......#........ ........#.......
.......#.......##................
.......#..............#..........
.......#.^............#...S......
.......#..............#..........
.......#.....!..@w.# #..........
.......#.........#.# #..........
.......#............. #..........
....####.............##..........
.....................#####..#....
....#############.....# #..#....
......# ...... #..#.... ......#
...... ...#.... ......# .#+##....


You could see a worm.

Vanquished Creatures
  2 adders (D:2)
  A dart slug (D:1)
  A bat (D:2)
  2 goblins
  2 hobgoblins
  3 kobolds
  A quokka (D:2)
  A ball python (D:1)
  2 frilled lizards
  3 rats
18 creatures vanquished.

Notes
Turn   | Place    | Note
-------+----------+-------------------------------------------
     0 | D:1      | galech the Ogre Fighter began the quest for the Orb.
     0 | D:1      | Reached XP level 1. HP: 24/24 MP: 1/1
     9 | D:1      | Noticed an ogre
   414 | D:1      | Reached XP level 2. HP: 32/32 MP: 2/2
   687 | D:2      | Found a faded altar of an unknown god.
   769 | D:2      | Reached XP level 3. HP: 21/40 MP: 3/3
  1116 | D:2      | Found a burning altar of Makhleb.
  1121 | D:2      | Became a worshipper of Makhleb the Destroyer
  1243 | D:2      | HP: 2/40 [worm (1)]
  1244 | D:2      | Gained mutation: You are robust. (+10% HP) [potion of mutation]
  1244 | D:2      | Gained mutation: You possess an exceptional clarity of mind. [potion of mutation]
  1245 | D:2      | Mangled by a worm

Skill      XL: |  1  2 |
---------------+-------+-----
Maces & Flails | 3 |  3.2
Dodging        | 3 |  3.1
Shields        | 3 |  3.1
Fighting       | |  4.3

Action                   || total
-------------------------++-------
Melee: Flail             ||    76
  Use: Potion            ||     2
  Eat: Chunk             ||     1
Armor: Robe              ||    12
Dodge: Dodged            ||    28
Block: Shield            ||    27
